 Dungeon Crawl Stone Soup version 0.29.1-12-g30fa7ad0bf (webtiles) character file.

Game seed: 8821937366993133193

75 bearlyready the Gusty (level 4, 0/32 HPs)
             Began as a Gnoll Air Elementalist on Dec 2, 2022.
             Slain by Ijyb
             ... wielding a +0 dagger
              (3 damage)
             ... on level 3 of the Dungeon on Jan 9, 2023.
             The game lasted 00:03:25 (2560 turns).

bearlyready the Gusty (Gnoll Air Elementalist)      Turns: 2560, Time: 00:03:25

Health: 0/32       AC: 11    Str:  7    XL:     4   Next: 31%
Magic:  1/11       EV:  8    Int: 15    God:
Gold:   43         SH:  0    Dex: 14    Spells: 12/13 levels left

rFire   + . .      SeeInvis .   f - +0 whip
rCold   . . .      Faith    .   (no shield)
rNeg    . . .      Spirit   .   v - +2 scale mail {rF+}
rPois   .          Reflect  .   p - +2 hat
rElec   .          Harm     .   k - +0 cloak
rCorr   .          Rampage  .   (no gloves)
Will    .....                   (no boots)
Stlth   +.........              (no amulet)
HPRegen 0.10/turn               (no ring)
MPRegen 0.12/turn               (no ring)

@: very slightly contaminated
A: fangs 1, strong nose, distributed training
a: no special abilities


You were on level 3 of the Dungeon.
You visited 1 branch of the dungeon, and saw 3 of its levels.

You collected 43 gold pieces.

Inventory:

Hand Weapons
 d - a +0 flail
 f - a +0 whip (weapon)
 g - a +0 sling
Missiles
 r - a throwing net
Armour
 a - a +0 robe
 k - a +0 cloak (worn)
 m - a +0 leather armour
 p - a +2 hat (worn)
 v - a +2 scale mail of fire resistance (worn)
Jewellery
 h - a ring of fire
 l - a ring of positive energy
Scrolls
 e - a scroll of teleportation {unknown}
 j - a scroll of poison {unknown}
 q - a scroll of identify {unknown}
 s - a scroll of vulnerability {unknown}
 t - 3 scrolls of fear {unknown}
 u - a scroll of blinking {unknown}
Potions
 b - 2 potions of magic
 c - a potion of invisibility {unknown}
 i - a potion of mutation {unknown}
 n - a potion of curing {unknown}
 o - a potion of brilliance {unknown}


   Skills:
 + Level 1.1 Fighting
 + Level 1.1 Short Blades
 + Level 1.1 Long Blades
 + Level 1.1 Axes
 + Level 1.1 Maces & Flails
 + Level 1.1 Polearms
 + Level 1.1 Staves
 + Level 1.1 Ranged Weapons
 + Level 1.1 Throwing
 + Level 1.1 Armour
 + Level 4.6 Dodging
 + Level 4.2 Stealth
 + Level 1.1 Shields
 + Level 1.1 Unarmed Combat
 + Level 5.1 Spellcasting
 + Level 2.2 Conjurations
 + Level 0.9 Hexes
 + Level 0.9 Summonings
 + Level 0.9 Necromancy
 + Level 0.9 Translocations
 + Level 0.9 Transmutations
 + Level 0.9 Fire Magic
 + Level 0.9 Ice Magic
 + Level 5.4 Air Magic
 + Level 0.9 Earth Magic
 + Level 0.9 Poison Magic
 + Level 1.2 Invocations
 + Level 1.1 Evocations


You had 12 spell levels left.
You knew the following spells:

 Your Spells              Type           Power      Damage    Failure   Level
a - Shock                 Conj/Air       60%        1d6       38%         1

Your spell library contained the following spells:

 Spells                   Type           Power      Damage    Failure   Level
 Static Discharge         Conj/Air       15%        3-5/arc   54%         2
 Swiftness                Air            20%        N/A       54%         3
 Airstrike                Air            10%        2d(2-18)  91%         4
 Conjure Flame            Conj/Fire      8%         6-21      97%         3
 Ignite Poison            Fire/Tmut/Pois 6%         N/A       99%         3
 Sticky Flame             Conj/Fire      8%         2d3       100%        4
 Fireball                 Conj/Fire      4%         3d4       100%        5
 Iskenderun's Battlesphe  Conj           10%        2d6       100%        5
 Conjure Ball Lightning   Conj/Air       7%         3x3d6     100%        6
 Orb of Destruction       Conj           5%         9d5       100%        7


Dungeon Overview and Level Annotations

Branches:
Dungeon (3/15)

Altars:

Annotations:
D:3 Ijyb


Innate Abilities, Weirdness & Mutations

You have very sharp teeth.
Your uncanny sense of smell can sniff out nearby items.
Your experience applies equally to all skills.


Message History

The zap hits Ijyb.
Ijyb is severely wounded.
Ijyb hits you with a +0 dagger.
* * * LOW HITPOINT WARNING * * *
Casting: Shock (safe; 38% risk of failure)
Confirm with . or Enter, or press ? or * to list all spells.
Aiming: Shock (safe; 38% risk of failure)
Press: ? - help, Shift-Dir - straight line, f/p - Ijyb
Aim: Ijyb, wielding a +0 dagger, wearing a +0 chain mail and carrying a wand of flame (13) (severely wounded, 71% to hit)
You miscast Shock.
Nothing appears to happen.
Ijyb hits you but does no damage.
Casting: Shock (safe; 38% risk of failure)
Confirm with . or Enter, or press ? or * to list all spells.
Aiming: Shock (safe; 38% risk of failure)
Press: ? - help, Shift-Dir - straight line, f/p - Ijyb
Aim: Ijyb, wielding a +0 dagger, wearing a +0 chain mail and carrying a wand of flame (13) (severely wounded, 71% to hit)
The zap hits Ijyb but does no damage.
Ijyb is severely wounded.
Ijyb closely misses you.
You hit Ijyb but do no damage.
Ijyb is severely wounded.
Ijyb barely misses you.
Okay, then.
You aren't carrying any items that you can evoke.
You hit Ijyb but do no damage.
Ijyb is severely wounded.
Ijyb zaps a wand.
The puff of flame misses you.
You hit Ijyb.
Ijyb is severely wounded.
Ijyb hits you but does no damage.
You hit Ijyb but do no damage.
Ijyb is severely wounded.
Ijyb hits you with a +0 dagger.
* * * LOW HITPOINT WARNING * * *
You closely miss Ijyb.
Ijyb is severely wounded.
Ijyb barely misses you.
You closely miss Ijyb. You bite Ijyb, but do no damage.
Ijyb is severely wounded.
Ijyb hits you with a +0 dagger.
You die...

.######.#######.#.#
.... #####.#.#
∆..###.##.......# ...
........####.# ..
####...###......# .
....#.###.####.# .. #
#........#
....#.#..#####.####.#
......g@............#
...#...........######
#!#.###.###.# .....
#.# #.# ###... #.#
#.# #... #.# ### #...
..# #..# ###


You could see Ijyb.

Vanquished Creatures
  A gnoll (D:1)
  2 adders (D:2)
  2 dart slugs
  5 ball pythons
  3 endoplasms
  2 giant cockroaches
  4 hobgoblins
  2 kobolds (D:1)
  3 quokkas
  8 bats
  2 frilled lizards (D:1)
  5 goblins
  4 rats
43 creatures vanquished.

Vanquished Creatures (others)
  A plant (D:1)
1 creature vanquished.

Grand Total: 44 creatures vanquished

Notes
Turn   | Place    | Note
-------+----------+-------------------------------------------
     0 | D:1      | bearlyready the Gnoll Air Elementalist began the quest for
                  | the Orb.
     0 | D:1      | Reached XP level 1. HP: 13/13 MP: 6/6
    83 | D:1      | Reached XP level 2. HP: 2/20 MP: 2/7
   654 | D:1      | Reached skill level 5 in Spellcasting
   654 | D:1      | Reached XP level 3. HP: 23/25 MP: 7/9
   985 | D:1      | Found a faded altar of an unknown god.
  1346 | D:1      | Reached skill level 1 in Invocations
  1906 | D:2      | Reached skill level 1 in Fighting
  1906 | D:2      | Reached skill level 1 in Short Blades
  1906 | D:2      | Reached skill level 1 in Long Blades
  1906 | D:2      | Reached skill level 1 in Axes
  1906 | D:2      | Reached skill level 1 in Maces & Flails
  1906 | D:2      | Reached skill level 1 in Polearms
  1906 | D:2      | Reached skill level 1 in Staves
  1906 | D:2      | Reached skill level 1 in Ranged Weapons
  1906 | D:2      | Reached skill level 1 in Throwing
  1906 | D:2      | Reached skill level 1 in Armour
  1906 | D:2      | Reached skill level 1 in Shields
  1906 | D:2      | Reached skill level 1 in Unarmed Combat
  1906 | D:2      | Reached skill level 1 in Evocations
  2102 | D:2      | Reached XP level 4. HP: 32/32 MP: 4/11
  2518 | D:3      | Noticed Ijyb
  2522 | D:3      | Upgraded the game from 0.29.1-4-g47bece8355 to
                  | 0.29.1-12-g30fa7ad0bf
  2560 | D:3      | Slain by Ijyb

Illustrated notes

Levels and vault maps discovered:
D:1:      amcnicky_arrival_feature_with_door, layout_loops_ring,
          ebering_ecumenical_altar_hall, serial_bayou_pond_c, minmay_octomino_e4
D:2:      layout_loops_ring
D:3:      layout_basic, hangedman_glass_garden, uniq_terence, uniq_ijyb

Skill      XL: |  1  2  3 |
---------------+----------+-----
Conjurations   | 2 |  2.2
Spellcasting   | 5 |  5.1
Invocations    | 1 |  1.2
Fighting       | 1 |  1.1
Short Blades   | 1 |  1.1
Long Blades    | 1 |  1.1
Axes           | 1 |  1.1
Maces & Flails | 1 |  1.1
Polearms       | 1 |  1.1
Staves         | 1 |  1.1
Ranged Weapons | 1 |  1.1
Throwing       | 1 |  1.1
Armour         | 1 |  1.1
Shields        | 1 |  1.1
Unarmed Combat | 1 |  1.1
Evocations     | 1 |  1.1
Dodging        | |  4.6
Stealth        | |  4.2
Hexes          | |  0.9
Summonings     | |  0.9
Necromancy     | |  0.9
Translocations | |  0.9
Transmutations | |  0.9
Fire Magic     | |  0.9
Ice Magic      | |  0.9
Air Magic      | |  5.4
Earth Magic    | |  0.9
Poison Magic   | |  0.9

Action                   |  1- 3 |  4- 6 || total
-------------------------+-------+-------++-------
Melee: Unarmed           |     1 |       ||     1
       Whip              |    85 |    55 ||   140
       Bite              |    11 |     6 ||    17
 Fire: Sling             |    17 |       ||    17
 Cast: Shock             |    32 |    13 ||    45
 Stab: Sleeping          |    10 |     1 ||    11
Armor: Robe              |    11 |       ||    11
       Leather armour    |    35 |     2 ||    37
       Scale mail        |       |    23 ||    23
Dodge: Dodged            |    79 |    23 ||   102
